 Dungeon Crawl Stone Soup version 0.30.1-11-g7821555f0a (webtiles) character file.

Game seed: 7076960470662699975

49 booth the Chopper (level 3, -3/29 HPs)
             Began as a Demonspawn Monk on Dec 20, 2023.
             Slain by Natasha (7 damage)
             ... on level 3 of the Dungeon.
             The game lasted 00:08:05 (1670 turns).

booth the Chopper (Demonspawn Monk)                 Turns: 1670, Time: 00:08:06

Health: -3/29      AC:  2    Str: 13    XL:     3   Next: 51%
Magic:  3/3        EV: 13    Int: 11    God:
Gold:   136        SH:  5    Dex: 15    Spells: 2/2 levels left

rFire   . . .        a - +0 hand axe
rCold   . . .        d - orb {light}
rNeg    . . .        b - +0 robe
rPois   .            (no helmet)
rElec   .            (no cloak)
rCorr   .            (no gloves)
SInv    .            (no boots)
Will    .....        g - amulet of reflection
Stlth   +            (no ring)
HPRegen 0.24/turn    (no ring)
MPRegen 0.08/turn

%: reflection
@: slowed, glowing, very slow
A: weakness stinger 1
a: no special abilities


You were on level 3 of the Dungeon.
You visited 1 branch of the dungeon, and saw 3 of its levels.

You collected 136 gold pieces.

Inventory:

Hand Weapons
 a - a +0 hand axe (weapon)
Armour
 b - a +0 robe (worn)
 d - an orb of light (worn)
Jewellery
 g - an amulet of reflection (around neck)
 i - an amulet of the acrobat
Scrolls
 e - a scroll of poison {unknown}
 j - a scroll of blinking
 l - a scroll of vulnerability
 p - a scroll of teleportation {unknown}
Potions
 c - 2 potions of ambrosia
 f - a potion of haste
 k - a potion of brilliance
 m - a potion of curing {unknown}
 n - a potion of attraction {unknown}
 o - a potion of lignification {unknown}
 q - a potion of invisibility {unknown}


   Skills:
 + Level 3.5 Fighting
 * Level 3.6 Axes
 - Level 2.8 Dodging


You had 2 spell levels left.
You didn't know any spells.
Your spell library contained the following spells:

 Spells                   Type           Power      Damage    Failure   Level
 Kiss of Death            Conj/Necr      0%         2d5       34%         1
 Confusing Touch          Hex            0%         N/A       71%         3
 Dispel Undead            Necr           0%         3d6       98%         4


Dungeon Overview and Level Annotations

Branches:
Dungeon (3/15)

Altars:

Annotations:
D:3 Natasha


Innate Abilities, Weirdness & Mutations

You have a small tail.


Message History

The magic dart hits you! You block the cerulean imp's attack.
You hit Natasha. You tail-slap Natasha.
Natasha is lightly wounded.
You hit the cerulean imp. Natasha claws you!
* * * LOW HITPOINT WARNING * * *
You block the cerulean imp's attack. Natasha closely misses you.
You hit Natasha.
Natasha is heavily wounded.
You hit the cerulean imp but do no damage.
You block the cerulean imp's attack. Natasha claws you.
* * * LOW HITPOINT WARNING * * *
You feel much better. The cerulean imp closely misses you. Natasha claws you!
You hit Natasha but do no damage. You tail-slap Natasha.
Natasha is severely wounded.
You barely miss the cerulean imp. You block the cerulean imp's attack.
Natasha misses you.
You barely miss Natasha.
Natasha is severely wounded.
You hit the cerulean imp but do no damage.
The cerulean imp completely misses you. Natasha closely misses you.
You hit Natasha.
Natasha is severely wounded.
You hit the cerulean imp.
The cerulean imp hits you with a +1 spear.
Natasha casts a spell at you.
You feel yourself slow down.
The cerulean imp hits you with a +1 spear.
You hit Natasha.
Natasha is almost dead.
You hit the cerulean imp. Natasha barely misses you.
You block the cerulean imp's attack.
Natasha stares at you and mumbles some strange words.
The magic dart hits you!
* * * LOW HITPOINT WARNING * * *
You closely miss Natasha.
You tail-slap Natasha, but do no damage.
Natasha is almost dead.
You hit the cerulean imp. The cerulean imp completely misses you.
Natasha claws you!
You die...

#....#....#####.#####
#.#.###.#...........#
##
#.##...###.###.#####
#.# #.#.# #...[.....#
## #.<.# #####.###.#
#.#.# #.# #.## #...#
#.# #.#. ...####.#.#
#.###..# ♣.....h@#.#
#....... ♣..####5# #
######.. #.# #.# #.#
#.# ..# #.# ### #..
#.# .... ###.#


You could see Natasha and a cerulean imp (summoned).

Vanquished Creatures
  A gnoll (D:3)
  An adder (D:3)
  A dart slug (D:3)
  3 endoplasms
  3 giant cockroaches
  2 hobgoblins (D:1)
  2 kobolds
  4 ball pythons (D:1)
  3 bats
  3 frilled lizards (D:1)
  A goblin (D:1)
  6 rats
30 creatures vanquished.

Notes
Turn   | Place    | Note
-------+----------+-------------------------------------------
     0 | D:1      | booth the Demonspawn Monk began the quest for the Orb.
     0 | D:1      | Reached XP level 1. HP: 18/18 MP: 1/1
   275 | D:1      | Gained mutation: You have a small tail. [demonic ancestry]
   275 | D:1      | Reached XP level 2. HP: 22/24 MP: 2/2
  1453 | D:3      | Reached XP level 3. HP: 22/29 MP: 3/3
  1658 | D:3      | Noticed Natasha
  1670 | D:3      | Slain by Natasha

Illustrated notes

Levels and vault maps discovered:
D:1:      dpeg_arrival_simpleton_a, layout_loops_ring
D:2:      layout_basic, dreamdust_wishing_well
D:3:      kennysheep_big_flooded_room, layout_loops_ring,
          mainiacjoe_overflow_small_starburst, bloody_makhleb,
          minmay_divided_ellipse, uniq_natasha

Skill      XL: |  1  2 |
---------------+-------+-----
Axes           | 3 |  3.6
Fighting       | |  3.5
Dodging        | |  2.8

Action                     || total
---------------------------++-------
  Melee: Hand axe          ||    82
         Tailslap          ||    10
    Use: Scroll            ||     5
         Potion            ||     2
 Armour: Robe              ||     7
  Dodge: Dodged            ||    44
  Block: Orb               ||    13
